 Dungeon Crawl Stone Soup version 0.31-a0-1002-g8e65716e6e (webtiles) character file.

Game seed: 3362945434403002647

179 Malachi the Magician (level 5, -1/35 HPs)
             Began as a Djinni Earth Elementalist on Nov 9, 2023.
             Was a Plaything of Xom.
             Killed from afar by a white imp (7 damage)
             ... with a puff of frost
             ... summoned by Xom
             ... on level 3 of the Dungeon.
             The game lasted 00:03:47 (2244 turns).

Malachi the Magician (Djinni Earth Elementalist)    Turns: 2244, Time: 00:03:47

Health: -1/35      AC:  3    Str:  7      XL:     5   Next: 90%
Gold:   175        EV: 12    Int: 19      God:    Xom [...*..] SH:  0 Dex: 12 (13)

rFire   + + .        g - staff of cold
rCold   . . .        (no shield)
rNeg    . . .        a - +0 robe
rPois   ∞            (no helmet)
rElec   .            (no cloak)
rCorr   .            h - +0 pair of gloves
SInv    .            (boots unavailable)
Will    .....        (no amulet)
Stlth   ++           (no ring)
HPRegen 0.25/turn    (no ring)
MPRegen 0.00/turn

%: infuse magic (-2 HP)
@: flying
A: sickness immunity, fire resistance 2, cold vulnerability 1, float, innate
caster, HP casting, extra vitality 1
a: Renounce Religion


You were on level 3 of the Dungeon.
You worshipped Xom.
You were a favourite toy of Xom.
You visited 1 branch of the dungeon, and saw 3 of its levels.

You collected 175 gold pieces.

Inventory:

Armour
 a - a +0 robe (worn)
 h - a +0 pair of gloves (worn)
Magical Staves
 g - a staff of cold (weapon)
Wands
 f - a wand of mindburst (14)
Scrolls
 b - 2 scrolls of fog
 d - 2 scrolls of teleportation
 e - a scroll of enchant armour
 i - a scroll of noise
 k - 2 scrolls of poison
Potions
 c - 2 potions of curing {unknown}
Miscellaneous
 j - a phial of floods


   Skills:
 - Level 2.1 Dodging
 - Level 1.5 Stealth
 + Level 4.9 Spellcasting
 + Level 4.9 Conjurations
 + Level 4.9 Hexes
 + Level 4.9 Summonings
 + Level 4.9 Necromancy
 + Level 4.9 Translocations
 + Level 4.9 Transmutations
 + Level 4.9 Fire Magic
 + Level 4.9 Ice Magic
 + Level 4.9 Air Magic
 + Level 4.9 Earth Magic
 + Level 4.9 Poison Magic


You knew the following spells:

 Your Spells              Type           Power      Damage    Failure   Level
a - Sandblast             Erth           46%        2d11      1%          1
b - Passwall              Tmut/Erth      19%        N/A       2%          2
c - Stone Arrow           Conj/Erth      46%        3d9       4%          3
d - Petrify               Tmut/Erth      23%        N/A       16%         4
e - Brom's Barrelling Bo  Conj/Erth      23%        2d4       16%         4
f - Freeze                Ice            100%       1d10      1%          1
g - Static Discharge      Conj/Air       46%        3-5/arc   2%          2
Your spell library was empty.

Dungeon Overview and Level Annotations

Branches:
Dungeon (3/15)

Altars:
Xom


Innate Abilities, Weirdness & Mutations

You are immune to sickness and miasma.
You are immune to poison.
Your flesh is very heat resistant. (rF++)
You are vulnerable to cold. (rC-)
You float through the air rather than walking.
You learn spells naturally, not from books.
Your magical power is your life essence.
You have superior vitality. (+4 MHP)


Message History

You feel clumsy.
Casting: Static Discharge (safe; 2% risk of failure)
Press: ? - help, Q - select action, (/) - cycle Dir - look around, f - activate The quasit is struck by an arc of lightning.
The quasit is severely wounded.
You are struck by an arc of lightning.
The lightning grounds out.
The quasit bites you.
The quasit claws you but does no damage.
The quasit misses you.
Casting: Static Discharge (safe; 2% risk of failure)
Press: ? - help, Q - select action, (/) - cycle Dir - look around, f - activate The quasit is struck by an arc of lightning.
You kill the quasit!
The quasit disappears in a puff of smoke!
The white imp is struck by an arc of lightning.
The white imp is severely wounded.
The lightning grounds out.
* * * LOW HITPOINT WARNING * * *
Casting: Static Discharge (safe; 2% risk of failure)
Press: ? - help, Q - select action, (/) - cycle Dir - look around, f - activate The white imp is struck by an arc of lightning.
You kill the white imp!
The white imp disappears in a puff of smoke!
You are struck by an arc of lightning.
* * * LOW HITPOINT WARNING * * *
x2 The white imp gestures at you.
The puff of frost misses you.
Unknown command.
Okay, then.
Aiming: Sandblast (safe; 1% risk of failure)
Press: ? - help, Q - select action, (/) - cycle Shift-Dir - straight line, f - white imp
Aim: a white imp (summoned, 83% to hit)
The blast of sand hits the white imp.
The white imp is lightly wounded.
* * * LOW HITPOINT WARNING * * *
The white imp picks up a beetle and eats it.
The white imp gestures at you. The puff of frost hits you!
You die... "It's all fun and games until someone loses an eye."

........# #.# #.......#
........# #.# #..P.P..#
..:....>## #.# ####†####
#######..## #.# #.'.).#
#...###.# ###...#
#####'#..##.###########^'...#
#.....................#######.
#........##.#####..........# #
#........##..@..5..........#
#........########..........#
#........# #.#........#
#........# #.#........##
#........########.#..........
#........##.......#..........
#####'#####.......#####......
#.# #.......# ...... #.#
#.......# .....


You could see a white imp (summoned).

Vanquished Creatures
  2 hounds (D:3)
  A gnoll (D:3)
  3 adders (D:3)
  2 ufetubi (D:3)
  5 dart slugs
  5 endoplasms
  5 giant cockroaches
  4 goblins
  7 hobgoblins
  5 kobolds
  5 quokkas
  6 ball pythons
  6 bats
  2 frilled lizards (D:2)
  5 rats
63 creatures vanquished.

Notes
Turn   | Place    | Note
-------+----------+-------------------------------------------
     0 | D:1      | Malachi the Djinni Earth Elementalist began the quest for
                  | the Orb.
     0 | D:1      | Malachi set off with the following spells memorised:
                  | Sandblast, Passwall, Stone Arrow, Petrify, Brom's
                  | Barrelling Boulder.
     0 | D:1      | Reached XP level 1. HP: 15/15 MP: 0/0
    99 | D:1      | Reached XP level 2. HP: 19/21 MP: 0/0
   321 | D:1      | Reached XP level 3. HP: 22/25 MP: 0/0
   321 | D:1      | Learned a level 1 spell: Freeze
   758 | D:1      | Found a faded altar of an unknown god.
   859 | D:1      | Prayed at the altar of an unknown god.
   859 | D:1      | Became a worshipper of Xom of Chaos
  1024 | D:2      | XOM: divination: detect creatures
  1072 | D:2      | Reached XP level 4. HP: 30/31 MP: 0/0
  1236 | D:2      | XOM: silly message
  1337 | D:2      | XOM: divination: detect creatures
  1539 | D:3      | XOM: noise
  1642 | D:3      | XOM: silly message
  1715 | D:3      | XOM: god gift: staff of cold
  1821 | D:3      | XOM: god gift: phial of floods
  1941 | D:3      | Reached XP level 5. HP: 32/35 MP: 0/0
  1941 | D:3      | Learned a level 2 spell: Static Discharge
  2231 | D:3      | XOM: summons 3 hostile demons
  2244 | D:3      | Killed from afar by a white imp

Illustrated notes

Levels and vault maps discovered:
D:1:      minmay_arrival_stair_chambers, layout_loops_ring,
          shapermc_ecumenical_altar_petra
D:2:      layout_basic
D:3:      layout_basic, cheibrodos_gnoll_hut

Skill      XL: |  1  2  3  4 |
---------------+-------------+-----
Spellcasting   | 4 |  4.9
Conjurations   | 4 |  4.9
Hexes          | 4 |  4.9
Summonings     | 4 |  4.9
Necromancy     | 4 |  4.9
Translocations | 4 |  4.9
Transmutations | 4 |  4.9
Fire Magic     | 4 |  4.9
Ice Magic      | 4 |  4.9
Air Magic      | 4 |  4.9
Earth Magic    | 4 |  4.9
Poison Magic   | 4 |  4.9
Dodging        | |  2.1
Stealth        | |  1.5

Action                     |  1- 3 |  4- 6 || total
---------------------------+-------+-------++-------
  Melee: Unarmed           |     3 |     1 ||     4
         Staff             |       |     2 ||     2
   Cast: Sandblast         |    53 |    27 ||    80
         Freeze            |       |    17 ||    17
         Static Discharge  |       |     4 ||     4
    Use: Scroll            |       |     6 ||     6
 Armour: Robe              |    11 |    50 ||    61
  Dodge: Dodged            |    23 |    35 ||    58

Table legend: (Time is in decaauts)
 A = Elapsed time spent in this place.
 B = Non-inter-level travel time spent in this place.
 C = Inter-level travel time spent in this place.
 D = Time resting spent in this place.
 E = Time spent auto-exploring this place.
 F = Levels seen in this place.
 G = Mean time per level.
                   A        B        C        D        E       F      G
               +--------+--------+--------+--------+--------+-----+--------+
         Total |   2283 |   2163 |    120 |    202 |   1561 |   3 |  761.0 |
       Dungeon |   2283 |   2163 |    120 |    202 |   1561 |   3 |  761.0 |
               +--------+--------+--------+--------+--------+-----+--------+

Top non-repeatable levels by time:
     D:1: 955 daAuts
     D:3: 710 daAuts
     D:2: 617 daAuts
